 Dungeon Crawl Stone Soup version 0.31-a0-672-g7da72447bb (webtiles) character file.

Game seed: 3718542655471578348

784 Dirtsage the Changeling (level 7, 0/64 HPs)
             Began as an Octopode Shapeshifter on Sept 4, 2023.
             Slain by an orc warrior
             ... wielding a +0 dire flail
              (14 damage)
             ... on level 5 of the Dungeon.
             The game lasted 00:07:14 (4642 turns).

Dirtsage the Changeling (Octopode Shapeshifter)     Turns: 4642, Time: 00:07:15

Health: 0/64       AC: 23    Str: 15    XL:     7   Next: 86%
Magic:  7/7        EV:  2    Int: 13    God:
Gold:   63         SH:  0    Dex: 11    Spells: 6/6 levels left

rFire   . .          .
                       - Unarmed
rCold   . . .        (no shield)
rNeg    . . .        (helmet currently unavailable)
rPois   +            (no amulet)
rElec   .            W - ring of wizardry
rCorr   .            m - ring of willpower
SInv    .            (no ring)
Will    +....        (no ring)
Stlth   +            (no ring)
HPRegen 0.30/turn    (no ring)
MPRegen 0.10/turn    (no ring)
                     (no ring)

%: wizardry (x1)
@: tree-form
A: stationary, stasis, torment immunity, boosted hp, almost no armour,
(amphibious), 8 rings, (camouflage 1), (gelatinous body 1), (nimble swimmer 1),
(tentacles)
a: no special abilities


You were on level 5 of the Dungeon.
You were a tree.
You visited 1 branch of the dungeon, and saw 5 of its levels.
You also visited: Sewer.

You collected 266 gold pieces.
You spent 203 gold pieces at shops.

Inventory:

Missiles
 d - a throwing net
Magical Staves
 l - a staff of fire
Jewellery
 m - a ring of willpower (right branch)
 p - an amulet of magic regeneration
 W - a ring of wizardry (left branch)
Talismans
 b - a beast talisman
 c - a flux talisman
Wands
 h - a wand of flame (26)
Scrolls
 e - a scroll of revelation
 f - a scroll of vulnerability
 i - 2 scrolls of teleportation {unknown}
 q - a scroll of enchant armour {unknown}
 B - 3 scrolls of blinking
Potions
 g - 2 potions of heal wounds {unknown}
 j - a potion of haste {unknown}
 k - 2 potions of attraction
 n - a potion of cancellation {unknown}
 o - a potion of magic


   Skills:
 - Level 1.0 Fighting
 - Level 2.0 Dodging
 + Level 5.7 Unarmed Combat
 * Level 7.0 Shapeshifting


You had 6 spell levels left.
You didn't know any spells.
Your spell library was empty.

Dungeon Overview and Level Annotations

Branches:
Dungeon (5/15)              Sewer (visited)
 Temple: D:4-7

Altars:

Shops:
D:5 *


Innate Abilities, Weirdness & Mutations

You are a tree.
Your roots penetrate the ground, keeping you stationary.
You cannot be teleported.
You are immune to unholy pain and torment.
Your maximum health is greatly increased.
You cannot wear most types of armour.
((You are amphibious.))
You can wear up to eight rings at the same time.
((Your skin changes colour to match your surroundings (Stealth+).))
((Your rubbery body absorbs attacks. (AC +1, EV +1)))
((You are camouflaged when in or above water. (Stealth+)))
((You have tentacles for arms and can constrict up to eight enemies at once.))


Message History

You kill the orc wizard!
Things that are here:
a +0 dagger; a +0 robe
Aiming: Throw Flame
Press: ? - help, Shift-Dir - straight line, f - orc warrior
Aim: an orc warrior, wielding a +0 dire flail and wearing a +0 chain mail (64% to hit)
The puff of flame hits the orc warrior but does no damage.
Aiming: Throw Flame
Press: ? - help, Shift-Dir - straight line, f/p - orc warrior
Aim: an orc warrior, wielding a +0 dire flail and wearing a +0 chain mail (64% to hit)
The puff of flame hits the orc warrior but does no damage.
Aiming: Throw Flame
Press: ? - help, Shift-Dir - straight line, f/p - orc warrior
Aim: an orc warrior, wielding a +0 dire flail and wearing a +0 chain mail (64% to hit)
The puff of flame misses the orc warrior.
You barely miss the orc warrior. Your grab misses the orc warrior.
The orc warrior hits you with a +0 dire flail!
You take 15 damage, and have 20/43 hp.
MASSIVE DAMAGE!!
You closely miss the orc warrior. Your grab misses the orc warrior.
Your squeeze misses the orc warrior.
Your transformation has ended.
You turn into a tree.
Your roots penetrate the ground.
The orc warrior hits you with a +0 dire flail.
You now have 28/64 hp.
You closely miss the orc warrior. You punch the orc warrior.
The orc warrior is lightly wounded.
The orc warrior hits you with a +0 dire flail.
You take 6 damage, and have 22/64 hp.
You closely miss the orc warrior.
The orc warrior is lightly wounded.
The orc warrior hits you but does no damage.
You smack the orc warrior!
The orc warrior is heavily wounded.
The orc warrior hits you with a +0 dire flail!
* * * LOW HITPOINT WARNING * * *
You take 9 damage, and have 14/64 hp.
You barely miss the orc warrior.
The orc warrior is heavily wounded.
The orc warrior hits you with a +0 dire flail!
You die...

#####.........#....#.#.....#.##.
...............#...>........#+###
.........##....#)..##.#..........
......(..##....#...##............
.##########....#...##....<.....##
####....######..........#
.#######.......................#
...............#######.#######.#
#..............o♣..# #.# #.##
#..............###.# #.# #.#.
#.....<..........#.# #.# #.#.
#....o....##.###.#.# #.# #.#.
#.........##.# #.#.# #.# #.#.
#.........##.# #.#.# #.# #.#.
#....o..####.# #.#.###.#######.#.
#......## #.# #.#.............#.
#.....## ### #.#####.#########.


You could see an orc warrior.

Vanquished Creatures
  Pargi (Sewer)
  2 phantoms
  A scorpion (D:5)
  2 jellies
  An orc priest (D:3)
  4 hounds
  A sleepcap (D:5)
  Natasha (thrice) (D:2)
  An orc wizard (D:5)
  4 adders
  A worm (D:3)
  2 dart slugs (D:1)
  4 orcs
  4 endoplasms (D:1)
  7 giant cockroaches
  10 goblins
  9 hobgoblins
  16 jackals
  9 quokkas
  4 ball pythons
  6 bats
  2 frilled lizards
  14 kobolds
  2 rats (D:1)
110 creatures vanquished.

Notes
Turn   | Place    | Note
-------+----------+-------------------------------------------
     0 | D:1      | Dirtsage the Octopode Shapeshifter began the quest for the
                  | Orb.
     0 | D:1      | Reached XP level 1. HP: 13/13 MP: 1/1
   223 | D:1      | Reached XP level 2. HP: 18/18 MP: 2/2
   463 | D:1      | Reached XP level 3. HP: 23/23 MP: 3/3
  1127 | D:2      | Noticed Natasha
  1133 | D:2      | Killed Natasha
  1134 | D:2      | Reached skill level 4 in Shapeshifting
  1134 | D:2      | Reached XP level 4. HP: 21/28 MP: 4/4
  1148 | D:2      | Noticed Natasha
  1156 | D:2      | Killed Natasha
  1620 | D:2      | Found a faded altar of an unknown god.
  1841 | D:2      | Noticed Natasha
  1847 | D:2      | Killed Natasha
  1848 | D:2      | Reached XP level 5. HP: 21/33 MP: 5/5
  2383 | D:3      | Reached skill level 5 in Shapeshifting
  3055 | D:4      | Reached XP level 6. HP: 36/36 MP: 6/6
  3525 | D:4      | Identified the +3 scale mail of Wyclad {Harm +Inv rF-
                  | Dex+3}
  3874 | D:5      | Entered Level 5 of the Dungeon
  3916 | D:5      | Reached skill level 5 in Unarmed Combat
  3916 | D:5      | Reached skill level 6 in Shapeshifting
  3916 | D:5      | Reached XP level 7. HP: 36/43 MP: 7/7
  3949 | D:5      | Found Gixidi's Assorted Antiques.
  3962 | D:5      | Bought a thick jade amulet for 145 gold pieces
  3962 | D:5      | Bought a scroll of identify for 58 gold pieces
  4091 | D:5      | Found a glowing drain.
  4192 | Sewer    | Entered a sewer
  4223 | Sewer    | Noticed Pargi
  4228 | Sewer    | Killed Pargi
  4578 | D:5      | Reached skill level 7 in Shapeshifting
  4642 | D:5      | Slain by an orc warrior

Illustrated notes

Levels and vault maps discovered:
D:1:      evilmike_arrival_rings, layout_basic
D:2:      layout_loops_ring, shapermc_ecumenical_altar_ellora,
          chequers_serial_rivers_micro_e, uniq_natasha
D:3:      layout_loops_corners
D:4:      layout_rooms, minmay_misc_feat_four_crosses, dk_noncrumbling_2,
          grunt_decor_clamped, grunt_ministairs_14, saegor_snake_ambush
D:5:      layout_basic, marbit_many_paths,
          chequers_temple_overflow_statue_of_worship, serial_shops,
          nicolae_diamond_shop, gup_sewer_entry_pipe, hangedman_decor_push,
          minmay_hedge_maze

Skill      XL: |  1  2  3  4  5  6  7 |
---------------+----------------------+-----
Shapeshifting  | 4 5 6 7 |  7.0
Unarmed Combat | 4 5 |  5.7
Fighting       | |  1.0
Dodging        | |  2.0

Action                     |  1- 3 |  4- 6 |  7- 9 || total
---------------------------+-------+-------+-------++-------
  Melee: Unarmed           |    66 |   119 |    49 ||   234
         Tentacles         |     8 |    17 |    11 ||    36
         Constrict         |    16 |    29 |    11 ||    56
         Punch             |       |     5 |     2 ||     7
  Evoke: Wand              |       |       |     4 ||     4
    Use: Scroll            |     1 |     4 |     2 ||     7
         Potion            |       |       |     1 ||     1
   Stab: Sleeping          |     7 |    11 |     3 ||    21
 Armour: Skin              |    29 |    43 |    25 ||    97
  Dodge: Dodged            |    32 |    60 |    22 ||   114

Table legend: (Time is in decaauts)
 A = Elapsed time spent in this place.
 B = Non-inter-level travel time spent in this place.
 C = Inter-level travel time spent in this place.
 D = Time resting spent in this place.
 E = Time spent auto-exploring this place.
 F = Levels seen in this place.
 G = Mean time per level.
                   A        B        C        D        E       F      G
               +--------+--------+--------+--------+--------+-----+--------+
         Total |   4621 |   4473 |    148 |    173 |   3554 |   6 |  770.2 |
       Dungeon |   4486 |   4338 |    148 |    173 |   3454 |   5 |  897.2 |
         Sewer |    134 |    134 |      0 |      0 |    100 |   1 |  134.0 |
               +--------+--------+--------+--------+--------+-----+--------+

Top non-repeatable levels by time:
     D:1: 1076 daAuts
     D:3: 1062 daAuts
     D:2: 902 daAuts
     D:4: 827 daAuts
     D:5: 619 daAuts
   Sewer: 134 daAuts
